 Dungeon Crawl Stone Soup version 0.30.0-19-g36f170ea60 (webtiles) character file.

Game seed: 17695532753211307545

2338 booth the Cleaver (level 9, 0/59 (63) HPs)
             Began as a Gnoll Reaver on May 29, 2023.
             Was an Elder of Ru.
             Slain by an orc wizard
             ... wielding a +1 dagger of speed
              (2 damage)
             ... on level 6 of the Dungeon.
             The game lasted 00:46:02 (5884 turns).

booth the Cleaver (Gnoll Reaver)                    Turns: 5884, Time: 00:46:02

HP:   0/59 (63)     AC: 19    Str: 14    XL:     9   Next: 43%
MP:   17/17         EV: 13    Int: 17    God:    Ru [****..]
Gold: 344           SH:  0    Dex: 10    Spells: 9/21 levels left

rFire   + . .        a - +2 hand axe (protect)
rCold   + . .        (shield unavailable)
rNeg    . . .        v - +3 leather armour {rC+}
rPois   .            (helmet restricted)
rElec   .            (no cloak)
rCorr   .            d - +2 pair of gloves
SInv    .            h - +1 pair of boots {Stlth+}
Will    .....        (no amulet)
Stlth   +++          (ring unavailable)
HPRegen 0.29/turn    e - ring of protection from fire
MPRegen 0.15/turn

%: no passive effects
@: under a protective aura, drained
A: fangs 1, frail 1, missing a hand, strong nose, distributed training, horns 1,
talons 1, clever 1, low MP 1
a: Renounce Religion, Draw Out Power, Power Leap


You were on level 6 of the Dungeon.
You worshipped Ru.
Ru was greatly pleased with you.
You visited 1 branch of the dungeon, and saw 6 of its levels.

You collected 344 gold pieces.

Inventory:

Hand Weapons
 a - a +2 hand axe of protection (weapon)
 c - a +0 mace
 l - a +1 whip of electrocution
 q - a +0 dagger of venom
 u - the +1 hand axe of Premature Burial {antimagic, rN+ Will- SInv Stlth+}
   (You found it on level 5 of the Dungeon)

   rN:        It protects you from negative energy.
   SInv:      It lets you see invisible.
   Will:      It decreases your willpower.
   Stlth:     It makes you more stealthy.
Missiles
 f - 5 boomerangs of dispersal
 k - 9 boomerangs (quivered)
Armour
 d - a +2 pair of gloves (worn)
 h - a +1 pair of boots of stealth (worn)
 v - a +3 leather armour of cold resistance (worn)
Jewellery
 b - a +5 ring of evasion
 e - a ring of protection from fire (right hand)
 i - a +5 ring of evasion
Scrolls
 p - a scroll of vulnerability
 r - a scroll of poison
 s - a scroll of teleportation
 t - a scroll of fog
Potions
 g - a potion of curing
 j - 2 potions of mutation
 m - 2 potions of resistance
 n - a potion of invisibility
 o - a potion of cancellation


   Skills:
 + Level 6.4 Fighting
 + Level 4.4 Short Blades
 + Level 4.4 Long Blades
 + Level 8.0 Axes
 + Level 4.4 Maces & Flails
 + Level 4.4 Polearms
 + Level 4.4 Staves
 + Level 4.4 Ranged Weapons
 + Level 4.4 Throwing
 + Level 4.4 Armour
 + Level 6.4 Dodging
 + Level 4.4 Stealth
   Level 0.0 Shields
 + Level 4.4 Unarmed Combat
 + Level 6.7 Spellcasting
 + Level 6.6 Conjurations
 + Level 3.6 Hexes
 + Level 3.6 Summonings
 + Level 3.6 Necromancy
 + Level 3.6 Translocations
 + Level 3.6 Transmutations
 + Level 3.6 Fire Magic
 + Level 3.6 Ice Magic
 + Level 3.6 Air Magic
 + Level 3.6 Earth Magic
 + Level 3.6 Poison Magic
 + Level 4.8 Invocations
 + Level 4.4 Evocations


You had 9 spell levels left.
You knew the following spells:

 Your Spells              Type           Power      Damage    Failure   Level
a - Kiss of Death         Conj/Necr      92%        2d12      1%          1
b - Momentum Strike       Conj/Tloc      46%        3d9       2%          2
c - Hailstorm             Conj/Ice       23%        3d7       5%          3
d - Cigotuvi's Dreadful   Necr/Pois/Air  36%        N/A       4%          2
e - Frozen Ramparts       Ice            36%        1d6       10%         3
f - Apportation           Tloc           36%        N/A       3%          1

Your spell library contained the following spells:

 Spells                   Type           Power      Damage    Failure   Level
 Freeze                   Ice            72%        1d8       3%          1
 Necrotise                Necr           72%        1d7       3%          1
 Summon Small Mammal      Summ           72%        N/A       3%          1
 Blink                    Tloc           36%        N/A       4%          2
 Lesser Beckoning         Tloc           36%        N/A       4%          2
 Ignite Poison            Fire/Tmut/Pois 18%        N/A       10%         3
 Irradiate                Conj/Tmut      11%        3d15      43%         5
 Freezing Cloud           Conj/Ice/Air   10%        6-21      52%         5
 Blade Hands              Tmut           9%         N/A       67%         5
 Dragon Form              Tmut           9%         N/A       100%        7


Dungeon Overview and Level Annotations

Branches:
Dungeon (6/15)
 Temple: D:4-7

Altars:
Elyvilon
Ru


Innate Abilities, Weirdness & Mutations

You have very sharp teeth.
You are frail. (-10% HP)
You are missing a hand.
Your uncanny sense of smell can sniff out nearby items.
Your experience applies equally to all skills.
You have a pair of small horns on your head.
You have sharp toenails.
Your mind is acute. (Int +4, Str/Dex -1)
Your magical capacity is low. (-10% MP)


Message History

The magic dart hits you but does no damage.
An orc priest comes into view. It is wielding a +0 club.
Something hits you but does no damage.
The grasping roots release their grip on you.
You hit the orc wizard.
The orc wizard is almost dead.
You barely miss something. You miss something. Something hits you.
You focus your inner power and illuminate something in retribution!
The orc wizard hits you but does no damage.
You closely miss something. You hit the orc wizard. x2
You feel less exhausted.
The orc wizard is no longer blind.
The orc wizard closely misses you.
The orc wizard gestures at you while chanting.
You easily resist.
An orc wizard comes into view. It is wielding a +0 dagger.
Something hits you but does no damage.
You are electrocuted!
The orc wizard shouts!
You hit the orc wizard.
You kill the orc wizard!
You completely miss the orc wizard. You barely miss something.
The orc wizard hits you but does no damage.
Something hits you.
You are electrocuted!
* * * LOW HITPOINT WARNING * * *
The orc priest begins to pray, but is stunned by your conviction!
You closely miss the orc wizard. You headbutt the orc wizard.
You bite the orc wizard, but do no damage.
The orc wizard is almost dead.
You closely miss something.
The orc wizard is stunned by your conviction and fails to attack.
The orc wizard closely misses you.
Things that are here:
a +0 dagger; a +0 robe You feel better.
Something hits you but does no damage.
You are electrocuted!
* * * LOW HITPOINT WARNING * * *
You focus your inner power and slow something in retribution!
The orc priest mumbles some strange prayers to Beogh against you.
Beogh smites you!
* * * LOW HITPOINT WARNING * * *
The orc wizard hits you with a +1 dagger of speed.
You die...

.... .[.. ∆ ..
....###.. #. ...#..#..
...# ......... ...#
........## ...#
...........###...##.
...........o#....... .
.##......o..o.@.......
..
........o..)##.#...#.
.. ...#.......#))# ..#
#.##..........)## #
#..............#
##.............# ∆
#....<....#...##
......##....##.##
..... ##.######


You could see an orc priest, 2 orc wizards and an orc.

Vanquished Creatures
  Grinder (D:4)
  Prince Ribbit (D:5)
  Sigmund (D:3)
  Menkaure (D:5)
  Duvessa (D:4)
  Pargi (D:4)
  An ice beast (D:5)
  2 ogres
  2 centaurs
  A phantom (D:5)
  A gnoll sergeant (D:5)
  A scorpion (D:5)
  Dowan (D:4)
  2 hounds
  A jelly (D:5)
  2 orc priests
  Ijyb (D:3)
  Jessica (D:2)
  2 gnoll boudas
  2 iguanas
  Natasha (twice) (D:2)
  3 orc wizards
  Terence (D:3)
  Robin (D:3)
  11 gnolls
  5 adders
  2 worms
  A dart slug (D:3)
  8 orcs
  9 ball pythons
  7 endoplasms
  2 giant cockroaches
  14 goblins
  14 hobgoblins
  7 kobolds
  5 bats
  4 frilled lizards
  5 rats
127 creatures vanquished.

Vanquished Creatures (others)
  A phantom (D:5)
  A scorpion (D:5)
  An orc wizard (D:5)
3 creatures vanquished.

Grand Total: 130 creatures vanquished

Notes
Turn   | Place    | Note
-------+----------+-------------------------------------------
     0 | D:1      | booth the Gnoll Reaver began the quest for the Orb.
     0 | D:1      | Reached XP level 1. HP: 20/20 MP: 6/6
    99 | D:1      | Reached XP level 2. HP: 20/26 MP: 7/7
   102 | D:1      | Learned a level 2 spell: Momentum Strike
   907 | D:1      | Identified a scroll of acquirement
   907 | D:1      | Acquired a ring of protection from fire
   939 | D:2      | Reached skill level 5 in Spellcasting
   939 | D:2      | Reached XP level 3. HP: 21/31 MP: 7/9
  1095 | D:2      | Reached skill level 1 in Invocations
  1383 | D:2      | Noticed Jessica
  1383 | D:2      | Noticed Natasha
  1393 | D:2      | Killed Jessica
  1394 | D:2      | Reached skill level 1 in Short Blades
  1394 | D:2      | Reached skill level 1 in Long Blades
  1394 | D:2      | Reached skill level 1 in Maces & Flails
  1394 | D:2      | Reached skill level 1 in Polearms
  1394 | D:2      | Reached skill level 1 in Staves
  1394 | D:2      | Reached skill level 1 in Ranged Weapons
  1394 | D:2      | Reached skill level 1 in Throwing
  1394 | D:2      | Reached skill level 1 in Armour
  1394 | D:2      | Reached skill level 1 in Stealth
  1394 | D:2      | Reached skill level 1 in Shields
  1394 | D:2      | Reached skill level 1 in Unarmed Combat
  1394 | D:2      | Reached skill level 1 in Evocations
  1394 | D:2      | Reached XP level 4. HP: 22/36 MP: 9/11
  1603 | D:2      | Gained mutation: Your magical capacity is low. (-10% MP)
                  | [potion of mutation]
  1603 | D:2      | Gained mutation: Your mind is acute. (Int +4, Str/Dex -1)
                  | [potion of mutation]
  1603 | D:2      | Gained mutation: You have sharp toenails. [potion of
                  | mutation]
  1603 | D:2      | Gained mutation: You have a pair of small horns on your
                  | head. [potion of mutation]
  1606 | D:2      | Killed Natasha
  1607 | D:2      | Reached skill level 1 in Hexes
  1607 | D:2      | Reached skill level 1 in Summonings
  1607 | D:2      | Reached skill level 1 in Necromancy
  1607 | D:2      | Reached skill level 1 in Translocations
  1607 | D:2      | Reached skill level 1 in Transmutations
  1607 | D:2      | Reached skill level 1 in Fire Magic
  1607 | D:2      | Reached skill level 1 in Ice Magic
  1607 | D:2      | Reached skill level 1 in Air Magic
  1607 | D:2      | Reached skill level 1 in Earth Magic
  1607 | D:2      | Reached skill level 1 in Poison Magic
  1727 | D:2      | Learned a level 3 spell: Hailstorm
  1898 | D:2      | Noticed Natasha
  1910 | D:2      | Killed Natasha
  1911 | D:2      | Reached XP level 5. HP: 34/40 MP: 9/11
  1941 | D:3      | Noticed Sigmund
  2019 | D:3      | Found a white marble altar of Elyvilon.
  2217 | D:3      | Found a faded altar of an unknown god.
  2230 | D:3      | Prayed at the altar of an unknown god.
  2230 | D:3      | Became a worshipper of Ru the Awakened
  2244 | D:3      | Gained mutation: You are missing a hand. [Ru sacrifice]
  2244 | D:3      | Reached * piety under Ru
  2244 | D:3      | Reached ** piety under Ru
  2290 | D:3      | Noticed Terence
  2303 | D:3      | Killed Terence
  2407 | D:3      | Learned a level 2 spell: Cigotuvi's Dreadful Rot
  2452 | D:3      | Noticed Robin
  2475 | D:3      | Killed Robin
  2669 | D:3      | Killed Sigmund
  2670 | D:3      | Reached skill level 5 in Fighting
  2670 | D:3      | Reached skill level 5 in Dodging
  2670 | D:3      | Reached XP level 6. HP: 30/51 MP: 10/12
  3005 | D:3      | Noticed Ijyb
  3014 | D:3      | Killed Ijyb
  3274 | D:4      | Reached skill level 7 in Axes
  3274 | D:4      | Reached XP level 7. HP: 50/52 MP: 13/13
  3444 | D:4      | Noticed Grinder
  3446 | D:4      | Paralysed by Grinder for 5 turns
  3455 | D:4      | Paralysed by Grinder for 2 turns
  3460 | D:4      | Paralysed by Grinder for 5 turns
  3471 | D:4      | Paralysed by Grinder for 5 turns
  3478 | D:4      | Killed Grinder
  3636 | D:4      | Noticed Dowan
  3649 | D:4      | Killed Dowan
  3850 | D:4      | Reached XP level 8. HP: 59/63 MP: 15/15
  3898 | D:4      | Learned a level 3 spell: Frozen Ramparts
  3948 | D:4      | Noticed Pargi
  3962 | D:4      | Killed Pargi
  4094 | D:4      | Noticed Duvessa
  4120 | D:4      | Killed Duvessa
  4334 | D:5      | Entered Level 5 of the Dungeon
  4351 | D:5      | Noticed Menkaure
  4524 | D:5      | Killed Menkaure
  4842 | D:5      | Reached XP level 9. HP: 29/64 MP: 12/16
  4973 | D:5      | Learned a level 1 spell: Apportation
  5073 | D:5      | Identified the +1 hand axe of Premature Burial {antimagic,
                  | rN+ Will- SInv Stlth+}
  5202 | D:5      | Noticed Prince Ribbit
  5243 | D:5      | Killed Prince Ribbit
  5455 | D:5      | Gained mutation: You are frail. (-10% HP) [Ru sacrifice]
  5455 | D:5      | Reached *** piety under Ru
  5455 | D:5      | Reached **** piety under Ru
  5857 | D:6      | Reached skill level 8 in Axes
  5884 | D:6      | HP: 2/59 [orc priest/divine providence (10)]
  5884 | D:6      | Slain by an orc wizard

Illustrated notes

Levels and vault maps discovered:
D:1:      dpeg_arrival_rhombi, layout_basic, wad_floor_pattern_1
D:2:      layout_rooms, uniq_jessica, uniq_natasha
D:3:      layout_loops_corners, mainiacjoe_overflow_paths,
          ebering_ecumenical_altar_abandoned, uniq_ijyb, uniq_sigmund,
          uniq_terence, uniq_robin
D:4:      layout_rooms, eino_tiny_chamber, hangedman_decor_clover_reticule,
          chequers_serial_rivers_micro_d, minmay_circle_x, uniq_pargi,
          uniq_grinder, uniq_duvessa
D:5:      layout_basic, uniq_prince_ribbit1, uniq_menkaure
D:6:      layout_cave_pools, kennysheep_little_box, temple_green,
          hellmonk_ghost_happy_afterlife, glass_columns_a

Skill      XL: |  1  2  3  4  5  6  7  8  9 |
---------------+----------------------------+-----
Spellcasting   | 5 6 |  6.7
Invocations    | 1 2 3 4 |  4.8
Short Blades   | 1 2 3 4 |  4.4
Long Blades    | 1 2 3 4 |  4.4
Maces & Flails | 1 2 3 4 |  4.4
Polearms       | 1 2 3 4 |  4.4
Staves         | 1 2 3 4 |  4.4
Ranged Weapons | 1 2 3 4 |  4.4
Throwing       | 1 2 3 4 |  4.4
Armour         | 1 2 3 4 |  4.4
Stealth        | 1 2 3 4 |  4.4
Shields        | 1 0 |  0.0
Unarmed Combat | 1 2 3 4 |  4.4
Evocations     | 1 2 3 4 |  4.4
Hexes          | 1 2 3 |  3.6
Summonings     | 1 2 3 |  3.6
Necromancy     | 1 2 3 |  3.6
Translocations | 1 2 3 |  3.6
Transmutations | 1 2 3 |  3.6
Fire Magic     | 1 2 3 |  3.6
Ice Magic      | 1 2 3 |  3.6
Air Magic      | 1 2 3 |  3.6
Earth Magic    | 1 2 3 |  3.6
Poison Magic   | 1 2 3 |  3.6
Fighting       | 5 6 |  6.4
Dodging        | 5 6 |  6.4
Axes           | 7 8 |  8.0
Conjurations   | 6 |  6.6

Action                     |  1- 3 |  4- 6 |  7- 9 || total
---------------------------+-------+-------+-------++-------
  Melee: Hand axe          |    98 |   111 |   325 ||   534
         Bite              |     7 |     7 |    46 ||    60
         Punch             |     1 |       |       ||     1
         Headbutt          |       |    14 |    64 ||    78
         Kick              |       |    21 |     4 ||    25
  Throw: Boomerang         |       |     5 |     9 ||    14
   Cast: Kiss of Death     |     1 |     5 |     4 ||    10
         Momentum Strike   |       |     2 |     1 ||     3
         Hailstorm         |       |       |     2 ||     2
         Frozen Ramparts   |       |       |     2 ||     2
         Cigotuvi's Dreadf |       |       |     1 ||     1
 Invoke: Sacrifice a Hand  |       |     1 |       ||     1
         Draw Out Power    |       |       |     1 ||     1
         Sacrifice Health  |       |       |     1 ||     1
    Use: Scroll            |     2 |     9 |     6 ||    17
         Potion            |     1 |     4 |     2 ||     7
   Stab: Invisible         |     1 |       |       ||     1
         Distracted        |       |     1 |     3 ||     4
         Sleeping          |       |     1 |     5 ||     6
 Armour: Leather armour    |    22 |    33 |   152 ||   207
  Dodge: Dodged            |    47 |    69 |   190 ||   306
